 Dungeon Crawl Stone Soup version 0.17-a0-2064-g265a032 (webtiles) character file.

429 SlimeFever the Ducker (level 6, -2/48 HPs)
             Began as a Demonspawn Monk on Oct 12, 2015.
             Was a Believer of Dithmenos.
             Killed from afar by Blork the orc (7 damage)
             ... with a puff of flame
             ... on level 4 of the Dungeon.
             The game lasted 00:17:34 (2741 turns).

SlimeFever the Ducker (Demonspawn Monk)             Turns: 2741, Time: 00:17:34

Health: -2/48      AC:  4    Str: 13    XL:     6   Next: 66%
Magic:  6/6        EV: 18    Int: 11    God:    Dithmenos [**....]
Gold:   176        SH:  0    Dex: 16    Spells: 0 memorised, 5 levels left

rFire  . . .     SeeInvis +       - Unarmed
rCold  . . .     Clarity  .     a - +1 robe
rNeg   . . .     SustAt   .     (no shield)
rPois  .         Gourm    .     (no helmet)
rElec  .         Spirit   .     l - +0 cloak
rCorr  .         Warding  .     (no gloves)
rMut   .         Stasis   .     (no boots)
MR     .....                    (no amulet)
Stlth  +++.......               (no ring)
                                o - ring of see invisible

@: wreathed by umbra, not resistant to hostile enchantments, fairly stealthy
A: repulsion field 2, powered by death 1
a: Shadow Step, Renounce Religion


You were on level 4 of the Dungeon.
You worshipped Dithmenos.
Dithmenos was pleased with you.
You were not hungry.

You visited 1 branch of the dungeon, and saw 4 of its levels.

You collected 176 gold pieces.

Inventory:

Missiles
 c - 61 arrows
 j - 14 poisoned needles
 k - 14 bolts
Armour
 a - a +1 robe (worn)
 l - a +0 cloak (worn)
Jewellery
 o - a ring of see invisible (left hand)
Scrolls
 h - a scroll of identify
 n - a scroll of teleportation
 s - a scroll of fear
 t - a scroll of recharging
Potions
 d - a potion of curing {unknown}
 e - a potion of agility {unknown}
 f - 2 potions of haste
 i - 2 potions of heal wounds
 m - a potion of poison {unknown}
Comestibles
 b - 2 bread rations
 g - a beef jerky
 r - a slice of pizza


   Skills:
 + Level 3.9 Fighting
 * Level 5.3 Dodging
 + Level 2.4 Stealth
 * Level 5.0 Unarmed Combat


You had 5 spell levels left.
You didn't know any spells.

Dungeon Overview and Level Annotations

Branches:
Dungeon (4/15)
 Temple: D:4-7

Altars:
Dithmenos
Kikubaaqudgha
Okawaru
Qazlal
Sif Muna
Xom

Annotations:
D:4 Blork the orc, Robin


Innate Abilities, Weirdness & Mutations

You are surrounded by a moderate repulsion field (EV +3).
You regenerate a little health from kills.


Message History

You closely miss the goblin.
Blork the orc gestures at you while chanting.
The puff of flame hits the goblin.
The goblin closely misses you.
You completely miss the goblin.
The goblin is almost dead.
The goblin misses you.
You hit the goblin but do no damage.
The goblin is almost dead.
The goblin misses you.
You barely miss the goblin.
The goblin is almost dead.
You punch the goblin!
You kill the goblin!
Dithmenos accepts your kill. Blork the orc casts a spell at you.
The puff of frost hits you!
* * * LOW HITPOINT WARNING * * *
Blork the orc points at you and mumbles some strange words.
The puff of flame hits you!
You die...

#.#####.#######....[....
#....†.....##<##...#....
#######.#.##...#.#.#..#
#.#.##.⌠.#.#....##
#.#.##...#.#...... #.#.#
#..#......##
#..######.<#......
####..)##gg....###
#>.⌠@oggg....#
##...##gg....#
######......# .####..# .
..# . .# ..


g You could see Blork the orc (invisible), Robin, 2 hobgoblins and 4 goblins.

Vanquished Creatures
  Sigmund (D:4)
  An ogre (D:4)
  A scorpion (D:3)
  A centaur skeleton (D:4)
  An iguana (D:4)
  2 adders
  A gnoll (D:1)
  An ooze (D:1)
  3 giant geckos
  6 orcs
  7 goblins
  5 hobgoblins
  10 jackals
  8 kobolds
  7 bats
  2 giant cockroaches
  2 giant newts (D:4)
  6 rats
65 creatures vanquished.

Vanquished Creatures (others)
  A quokka (D:4)
1 creature vanquished.

Grand Total: 66 creatures vanquished

Notes
Turn   | Place    | Note
--------------------------------------------------------------
     0 | D:1      | SlimeFever the Demonspawn Monk began the quest for the Orb.
     0 | D:1      | Reached XP level 1. HP: 18/18 MP: 1/1
   358 | D:1      | Gained mutation: You regenerate a little health from kills. [demonic ancestry]
   358 | D:1      | Reached XP level 2. HP: 20/24 MP: 2/2
   568 | D:1      | Reached skill level 4 in Unarmed Combat
   896 | D:2      | Gained mutation: You are surrounded by a mild repulsion field (EV +2). [demonic ancestry]
   896 | D:2      | Reached XP level 3. HP: 26/29 MP: 3/3
  1490 | D:3      | Noticed a scorpion
  1580 | D:3      | Found a deep blue altar of Sif Muna.
  1834 | D:3      | Noticed an earth elemental
  1835 | D:3      | Found a stormy altar of Qazlal.
  1873 | D:3      | Noticed an air elemental
  1875 | D:3      | Noticed a water elemental
  1875 | D:3      | Noticed a fire elemental
  1925 | D:3      | Reached XP level 4. HP: 27/35 MP: 4/4
  1951 | D:3      | Killed a scorpion
  2018 | D:3      | Found an iron altar of Okawaru.
  2032 | D:3      | Found an ancient bone altar of Kikubaaqudgha.
  2036 | D:3      | Found a shadowy altar of Dithmenos.
  2073 | D:3      | Became a worshipper of Dithmenos the Shadowed
  2073 | D:3      | Reached * piety under Dithmenos
  2073 | D:3      | Reached ** piety under Dithmenos
  2452 | D:4      | Noticed Sigmund
  2463 | D:4      | Found a shimmering altar of Xom.
  2485 | D:4      | Killed Sigmund
  2485 | D:4      | Reached XP level 5. HP: 28/41 MP: 5/5
  2485 | D:4      | Gained mutation: You are surrounded by a moderate repulsion field (EV +3). [demonic ancestry]
  2485 | D:4      | Reached XP level 6. HP: 32/47 MP: 6/6
  2563 | D:4      | Noticed an ogre
  2581 | D:4      | Killed an ogre
  2581 | D:4      | Reached skill level 5 in Dodging
  2692 | D:4      | Reached skill level 5 in Unarmed Combat
  2709 | D:4      | Noticed Robin
  2709 | D:4      | Noticed Blork the orc
  2741 | D:4      | Killed from afar by Blork the orc

Vault maps used:
D:1:      matt_arrival_grand_opening, minmay_stone_trees_large
D:3:      nicolae_qazlal_style_of_elements, minitemple, led_sif_book
D:4:      xom_butterflies, serial_glass, glass_columns_a, glass_columns_b,
          grunt_ministairs_4, elyvilon_altar_4, uniq_blork_the_orc, uniq_robin,
          uniq_sigmund

Action                   |  1- 3 |  4- 6 || total
-------------------------+-------+-------++-------
Melee: Unarmed           |   155 |   156 ||   311
  Use: Scroll            |     7 |     4 ||    11
 Stab: Sleeping          |     4 |     3 ||     7
  Eat: Bread ration      |     1 |       ||     1
       Meat ration       |       |     1 ||     1
